 Dungeon Crawl Stone Soup version 0.30-a0-779-g7971cf19c3 (webtiles) character file.

Game seed: 14924893578320565006

148 Leeroy the Slasher (level 5, -4/26 HPs)
             Began as a Vine Stalker Warper on Feb 17, 2023.
             Slain by a gnoll
             ... wielding a +0 halberd
              (8 damage)
             ... on level 3 of the Dungeon.
             The game lasted 00:02:11 (1943 turns).

Leeroy the Slasher (Vine Stalker Warper)            Turns: 1943, Time: 00:02:12

Health: -4/26      AC:  3    Str: 14    XL:     5   Next: 30%
Magic:  0/9        EV: 11    Int: 13    God:
Gold:   193        SH:  0    Dex: 15    Spells: 3/8 levels left

rFire   + . .      SeeInvis .    a - +0 falchion
rCold   . . .      Faith    .    (no shield)
rNeg    . . .      Spirit   +    b - +0 leather armour
rPois   .          Reflect  .    (no helmet)
rElec   .          Harm     .    (no cloak)
rCorr   .          Rampage  .    (no gloves)
Will    .....                    (no boots)
Stlth   +                        (no amulet)
HPRegen 1.04/turn                q - ring of wizardry
MPRegen 0.11/turn                k - ring of protection from fire

@: no status effects
A: fangs 2, regeneration 1, magic shield, antimagic bite, no potion heal 2
a: no special abilities


You were on level 3 of the Dungeon.
You visited 1 branch of the dungeon, and saw 3 of its levels.

You collected 193 gold pieces.

Inventory:

Hand Weapons
 a - a +0 falchion (weapon)
 h - a +0 rapier
 n - a +2 hand axe of flaming
Missiles
 d - 7 boomerangs of dispersal (quivered)
 p - 3 poisoned darts
Armour
 b - a +0 leather armour (worn)
Jewellery
 k - a ring of protection from fire (right hand)
 q - a ring of wizardry (left hand)
Scrolls
 c - a scroll of blinking
 e - a scroll of torment {unknown}
 l - 2 scrolls of identify {unknown}
 o - a scroll of vulnerability {unknown}
Potions
 f - a potion of lignification {unknown}
 g - 4 potions of curing {unknown}
 i - a potion of flight {unknown}
 j - 2 potions of heal wounds {unknown}
 m - a potion of degeneration {unknown}


   Skills:
 - Level 1.7 Fighting
 + Level 4.8 Long Blades
 - Level 0.8 Throwing
 - Level 0.7 Armour
 - Level 1.5 Dodging
 - Level 2.1 Spellcasting
 - Level 3.0 Translocations


You had 3 spell levels left.
You knew the following spells:

 Your Spells              Type           Power      Damage    Failure   Level
a - Blink                 Tloc           18%        N/A       6%          2
b - Vhi's Electric Charg  Tloc/Air       10%        N/A       21%         3

Your spell library contained the following spells:

 Spells                   Type           Power      Damage    Failure   Level
 Lesser Beckoning         Tloc           18%        N/A       6%          2
 Teleport Other           Tloc           9%         N/A       12%         3
 Sting                    Tmut/Pois      4%         1d3       13%         1
 Poisonous Vapours        Pois/Air       2%         N/A       19%         2
 Manifold Assault         Tloc           9%         N/A       34%         4
 Olgreb's Toxic Radiance  Pois           1%         N/A       75%         4
 Arcjolt                  Conj/Air       0%         1d10      96%         5
 Maxwell's Capacitive Co  Air            0%         ∞         100%        8


Dungeon Overview and Level Annotations

Branches:
Dungeon (3/15)

Altars:
Ru
Xom

Annotations:
D:3 Leeroy's ghost, amateur MfGl


Innate Abilities, Weirdness & Mutations

You have extremely sharp teeth.
Your natural rate of healing is unusually fast.
When hurt, damage is shared between your health and your magic reserves.
Your bite disrupts and absorbs the magic of your enemies.
Potions cannot restore your health.


Message History

The gnoll barely misses you.
You closely miss the gnoll. You bite the gnoll. You drain its power.
The gnoll is severely wounded.
The gnoll barely misses you.
You completely miss the gnoll. You bite the gnoll, but do no damage.
The gnoll is heavily wounded.
The gnoll hits you with a +0 flail.
You hit the gnoll.
The gnoll is severely wounded.
The gnoll hits you with a +0 flail!
You hit the gnoll. You bite the gnoll, but do no damage.
The gnoll is severely wounded.
The gnoll closely misses you.
You slash the gnoll!
You kill the gnoll!
The gnoll closely misses you.
You hit the gnoll. You bite the gnoll. You drain its power.
You feel invigorated.
The gnoll is severely wounded.
The gnoll barely misses you.
You hit the gnoll but do no damage.
The gnoll is severely wounded.
The gnoll completely misses you. The gnoll closely misses you.
You slash the gnoll!
You kill the gnoll!
The gnoll misses you. The gnoll closely misses you. x2
Items here: )) ††.
You hit the gnoll. You bite the gnoll. You drain its power.
You feel invigorated.
The gnoll is heavily wounded.
The gnoll hits you with a +0 halberd!
The gnoll hits you from afar with a +0 halberd!
You hit the gnoll but do no damage. You bite the gnoll. You drain its power.
You feel invigorated.
The gnoll is heavily wounded.
The gnoll hits you with a +0 halberd!
* * * LOW HITPOINT WARNING * * *
The gnoll hits you from afar with a +0 halberd!
You die...

#.....##.....##..# #.#
#......###.###...###.######
...........................
#................#.###.....
.............#...#.#.......
#.........##.##### #.#.....
#..........# #)#.....
#......##### # #.....
#>...#..@.# ### #.....
#.#..#.##g# #.. #.....
#.#..#.##g# #.# ....
......#.# #.# ...
.#######.###.#### . #.
#........# # .##
####g###.#. ..# #.........#
..# #[#.....###


You could see 2 gnolls.

Vanquished Creatures
  An orc priest (D:3)
  2 adders
  2 gnolls (D:3)
  2 worms (D:2)
  7 orcs
  5 ball pythons
  11 endoplasms
  3 giant cockroaches
  2 goblins
  6 hobgoblins
  5 kobolds
  3 quokkas
  5 bats
  2 frilled lizards (D:2)
  9 rats
65 creatures vanquished.

Notes
Turn   | Place    | Note
-------+----------+-------------------------------------------
     0 | D:1      | Leeroy the Vine Stalker Warper began the quest for the Orb.
     0 | D:1      | Reached XP level 1. HP: 11/11 MP: 4/4
    85 | D:1      | Reached skill level 2 in Long Blades
   131 | D:1      | Reached XP level 2. HP: 11/15 MP: 4/6
   261 | D:1      | Learned a level 2 spell: Blink
   322 | D:1      | Reached skill level 3 in Long Blades
   359 | D:1      | Found a faded altar of an unknown god.
   525 | D:1      | Reached XP level 3. HP: 18/18 MP: 7/7
  1046 | D:2      | Found a shimmering altar of Xom.
  1254 | D:2      | Gained mutation: Your natural rate of healing is unusually
                  | fast. [Vine Stalker growth]
  1254 | D:2      | Reached XP level 4. HP: 15/23 MP: 6/8
  1515 | D:2      | Reached skill level 4 in Long Blades
  1641 | D:3      | Found a sacrificial altar of Ru.
  1816 | D:3      | Reached XP level 5. HP: 24/26 MP: 6/9
  1899 | D:3      | Learned a level 3 spell: Vhi's Electric Charge
  1903 | D:3      | Noticed Leeroy's ghost (amateur MfGl)
  1943 | D:3      | Slain by a gnoll

Illustrated notes

Levels and vault maps discovered:
D:1:      roderic_octagonal_star, layout_basic, shapermc_ecumenical_altar_venn,
          hangedman_decor_clover_reticule, minivault_26, nrook_campfire
D:2:      layout_basic, basic_altar, grunt_ministairs_13
D:3:      layout_basic, amcnicky_altar_gilded, gammafunk_ghost_arena,
          serial_shops, shop, minmay_box_of_dots

Skill      XL: |  1  2  3  4 |
---------------+-------------+-----
Long Blades    | 2 3 4 |  4.8
Fighting       | |  1.7
Throwing       | |  0.8
Armour         | |  0.7
Dodging        | |  1.5
Spellcasting   | |  2.1
Translocations | |  3.0

Action                     |  1- 3 |  4- 6 || total
---------------------------+-------+-------++-------
  Melee: Falchion          |   113 |    78 ||   191
         Bite              |    21 |    27 ||    48
         Punch             |     1 |     1 ||     2
   Stab: Sleeping          |     2 |     2 ||     4
 Armour: Leather armour    |    40 |    20 ||    60
  Dodge: Dodged            |    79 |    42 ||   121

Table legend: (Time is in decaauts)
 A = Elapsed time spent in this place.
 B = Non-inter-level travel time spent in this place.
 C = Inter-level travel time spent in this place.
 D = Time resting spent in this place.
 E = Time spent auto-exploring this place.
 F = Levels seen in this place.
 G = Mean time per level.
                   A        B        C        D        E       F      G
               +--------+--------+--------+--------+--------+-----+--------+
         Total |   1968 |   1908 |     60 |      0 |   1447 |   3 |  656.0 |
       Dungeon |   1968 |   1908 |     60 |      0 |   1447 |   3 |  656.0 |
               +--------+--------+--------+--------+--------+-----+--------+

Top non-repeatable levels by time:
     D:1: 860 daAuts
     D:2: 801 daAuts
     D:3: 306 daAuts
